AoeStats
← RAMIRO MARRA

Arabia

509917542Analyzed
1v1 RM · 4d ago on Sep 28, 2026· 66m 15s· 2 players
Game mode
Random Map
Map size
Tiny (2 player)
Population
200
Speed
Normal
Resources
Standard
Victory
Conquest
Starting age
Dark Age
Ending age
Imperial Age
RankedLock teamsTeams togetherTeam positionsShared explorationLock speedFull tech treeHidden civsTurbo modeCheats
Victory
Defeat
🇦🇷 Maya · Argentina
1003
+16
🇳🇱 Hindustanis · Netherlands
1012
-16
RAMIRO MARRA
0:37 Loom
8:52 Feudal Age
9:44 Double-Bit Axe
19:05 Castle Age
22:01 Thumb Ring
21:59 Gold Mining
21:38 Crossbowman
23:29 Bow Saw
23:05 Horse Collar
23:51 Fletching
24:01 Padded Archer Armor
26:48 Wheelbarrow
25:58 Town Watch
26:48 Bodkin Arrow
27:08 Leather Archer Armor
28:58 Hand Cart
29:19 Heavy Plow
30:32 Town Patrol
30:49 Stone Mining
37:56 Imperial Age
38:54 Arbalester
43:18 Chemistry
42:38 Ballistics
45:32 Stone Shaft Mining
47:30 Theocracy
50:54 Two-Man Saw
51:31 Block Printing
51:49 Elite Plumed Archer
53:22 Conscription
58:18 Heated Shot
66:08 Eagle Warrior
kastdavid
6:00 Loom
10:28 Feudal Age
12:26 Double-Bit Axe
14:48 Bloodlines
15:09 Fletching
16:21 Horse Collar
21:33 Castle Age
21:20 Forging
25:17 Bow Saw
25:31 Heavy Plow
27:31 Squires
28:08 Iron Casting
27:34 Scale Mail Armor
28:44 Gold Mining
29:33 Wheelbarrow
28:44 Town Watch
30:12 Light Cavalry
31:48 Chain Mail Armor
32:42 Bodkin Arrow
38:35 Scale Barding Armor
38:40 Husbandry
45:17 Imperial Age
45:25 Elite Ghulam
46:26 Conscription
48:44 Gold Shaft Mining
49:35 Blast Furnace
49:48 Arson
53:34 Bracer
53:51 Thumb Ring
55:15 Elite Skirmisher
57:20 Ballistics
60:23 Devotion
64:10 Padded Archer Armor
64:44 Hussar
Connection lost

Rejoining the realm…

Still unreachable

The connection could not be restored.

Session expired

The server has moved on; the page needs a fresh start.